[ AOE2 MATCH · #505891845 ]
UnrankedMagyars vs Hindustanis
Player's team · WIN
[ REPLAY ANALYSIS · EXTRACTED FROM THE RECORDED GAME ]
Feudal
9:29
Castle
24:42
Imperial
42:02
| APM avg | 37.4 |
| APM peak | 70 |
| eAPM avg | 26.1 |
| Villagers / military | 181 / 131 |
Focus
⚔️ 29.6% · 🌾 70.4%
Magyar Huszar ×41 · Cavalry Archer ×39 · Skirmisher ×21 · Trebuchet (Packed) ×7 · Scorpion ×6 · Militia ×5
Feudal
12:34
Castle
27:55
Imperial
43:52
| APM avg | 29.8 |
| APM peak | 74 |
| eAPM avg | 18.3 |
| Villagers / military | 112 / 180 |
Focus
⚔️ 39.9% · 🌾 60.1%
Spearman ×89 · Ghulam ×57 · Camel Scout ×28 · Trebuchet (Packed) ×4 · Militia ×2
Match map
Initial resources + every placement click. Lines = walls · curves = elevation contours. ◆ gold · ⬟ stone · ● berries · ✦ relic · ◌ wall gap
Your base· ✓ Closed at 24:42 · 12t walls · 2 gate(s)
Bayaz's base· ✓ Closed at 27:55 · 7t walls · no gate
Smoothed initial terrain · ◌ = detected wall gap · hover for details
Inputs per minute
— Combi | Papin - - Bayaz
Build order — Combi | Papin
First 150 of 547 actions detected
| 0:00 | Queue | Villager (Male) |
| 0:01 | Queue | Villager (Male) |
| 0:03 | Build | House |
| 0:04 | Build | House |
| 0:05 | Queue | Villager (Male) |
| 0:08 | Queue | Villager (Male) |
| 1:30 | Queue | Villager (Male) |
| 2:06 | Queue | Villager (Male) |
| 2:10 | Build | Lumber Camp |
| 2:23 | Queue | Villager (Male) |
| 2:41 | Queue | Villager (Male) |
| 2:48 | Research | Loom |
| 2:55 | Queue | Villager (Male) |
| 3:11 | Queue | Villager (Male) |
| 3:30 | Queue | Villager (Male) |
| 3:54 | Build | House |
| 4:18 | Queue | Villager (Male) |
| 4:18 | Queue | Villager (Male) |
| 4:19 | Queue | Villager (Male) |
| 5:22 | Queue | Villager (Male) |
| 5:41 | Queue | Villager (Male) |
| 5:41 | Queue | Villager (Male) |
| 5:57 | Queue | Villager (Male) |
| 5:57 | Queue | Villager (Male) |
| 6:35 | Build | Barracks |
| 7:05 | Queue | Villager (Male) |
| 7:19 | Research | Feudal Age |
| 7:49 | Queue | Militia |
| 7:49 | Queue | Militia |
| 7:52 | Build | House |
| 8:04 | Queue | Militia |
| 8:36 | Build | Mining Camp |
| 8:48 | Build | House |
| 8:52 | Queue | Militia |
| 9:06 | Build | House |
| 9:29 | Age | Feudal Age |
| 9:41 | Build | Watch Tower |
| 9:44 | Research | Man-at-Arms (upgrade) |
| 9:46 | Queue | Villager (Male) |
| 9:56 | Queue | Villager (Male) |
| 10:17 | Build | Mill |
| 10:41 | Build | Watch Tower |
| 10:48 | Queue | Villager (Male) |
| 11:00 | Build | House |
| 11:04 | Build | Palisade Wall |
| 11:05 | Build | Palisade Wall |
| 11:05 | Build | Palisade Wall |
| 11:31 | Build | Watch Tower |
| 11:38 | Queue | Villager (Male) |
| 11:43 | Build | Blacksmith |
| 12:10 | Queue | Villager (Male) |
| 12:35 | Build | Stone Wall |
| 12:36 | Build | Stone Wall |
| 12:36 | Build | Stone Wall |
| 12:37 | Build | Stone Wall |
| 12:38 | Build | Stone Wall |
| 12:49 | Build | Watch Tower |
| 12:54 | Build | House |
| 13:00 | Build | Mill |
| 13:18 | Build | Watch Tower |
| 13:21 | Build | Palisade Wall |
| 13:22 | Build | Palisade Wall |
| 13:23 | Build | Palisade Wall |
| 13:25 | Build | Palisade Wall |
| 13:29 | Queue | Villager (Male) |
| 13:39 | Queue | Villager (Male) |
| 13:39 | Queue | Villager (Male) |
| 14:00 | Research | Fletching |
| 14:00 | Research | Fletching |
| 14:21 | Build | Watch Tower |
| 14:34 | Build | House |
| 14:45 | Build | Gate |
| 14:47 | Build | Gate |
| 14:49 | Queue | Villager (Male) |
| 15:16 | Queue | Villager (Male) |
| 15:18 | Build | Farm |
| 15:43 | Queue | Villager (Male) |
| 15:45 | Build | Farm |
| 15:53 | Build | Mill |
| 16:01 | Queue | Villager (Male) |
| 16:55 | Queue | Villager (Male) |
| 16:55 | Queue | Villager (Male) |
| 17:24 | Build | Watch Tower |
| 17:25 | Queue | Villager (Male) |
| 17:31 | Build | Market |
| 17:47 | Queue | Villager (Male) |
| 17:49 | Build | Farm |
| 17:57 | Research | Double-Bit Axe |
| 18:09 | Queue | Villager (Male) |
| 18:14 | Build | House |
| 18:15 | Queue | Villager (Male) |
| 18:26 | Queue | Militia |
| 18:31 | Queue | Villager (Male) |
| 18:46 | Build | Mill |
| 18:54 | Queue | Villager (Male) |
| 19:14 | Build | Lumber Camp |
| 19:38 | Build | Farm |
| 19:40 | Queue | Villager (Male) |
| 19:59 | Queue | Villager (Male) |
| 20:13 | Build | Farm |
| 20:45 | Queue | Villager (Male) |
| 21:07 | Queue | Villager (Male) |
| 21:32 | Build | Farm |
| 21:41 | Build | Watch Tower |
| 21:44 | Build | House |
| 22:02 | Research | Castle Age |
| 22:08 | Build | House |
| 23:06 | Research | Horse Collar |
| 23:39 | Build | Stable |
| 24:42 | Age | Castle Age |
| 24:47 | Build | Siege Workshop |
| 24:48 | Queue | Knight |
| 24:51 | Queue | Knight |
| 24:52 | Queue | Villager (Male) |
| 24:52 | Queue | Villager (Male) |
| 24:53 | Build | Farm |
| 24:54 | Build | Farm |
| 24:55 | Queue | Villager (Male) |
| 25:09 | Build | Farm |
| 25:11 | Build | Farm |
| 25:20 | Build | Mining Camp |
| 25:22 | Queue | Mangonel |
| 25:37 | Queue | Villager (Male) |
| 25:42 | Build | Farm |
| 25:45 | Queue | Mangonel |
| 25:55 | Queue | Knight |
| 26:07 | Build | Town Center |
| 26:22 | Queue | Villager (Male) |
| 26:35 | Queue | Villager (Male) |
| 26:38 | Build | House |
| 27:11 | Queue | Villager (Male) |
| 27:12 | Queue | Villager (Male) |
| 27:12 | Queue | Villager (Male) |
| 27:26 | Build | Watch Tower |
| 28:01 | Queue | Mangonel |
| 28:05 | Queue | Villager (Male) |
| 28:05 | Queue | Villager (Male) |
| 28:05 | Queue | Villager (Male) |
| 28:11 | Queue | Scorpion |
| 28:28 | Queue | Villager (Male) |
| 28:42 | Queue | Villager (Male) |
| 28:45 | Build | House |
| 28:58 | Queue | Villager (Male) |
| 29:12 | Build | House |
| 29:14 | Queue | Villager (Male) |
| 29:17 | Build | Farm |
| 29:17 | Build | Farm |
| 29:17 | Build | Farm |
| 29:18 | Build | Farm |
| 29:18 | Build | Farm |
Build order — Bayaz
First 150 of 441 actions detected
| 0:01 | Queue | Villager (Male) |
| 0:01 | Queue | Villager (Male) |
| 0:01 | Queue | Villager (Male) |
| 0:02 | Queue | Villager (Male) |
| 0:02 | Research | Loom |
| 0:03 | Research | Loom |
| 0:05 | Build | House |
| 0:06 | Build | House |
| 1:22 | Queue | Villager (Male) |
| 1:33 | Build | House |
| 1:35 | Build | House |
| 1:40 | Build | House |
| 1:43 | Queue | Villager (Male) |
| 2:28 | Queue | Villager (Male) |
| 2:28 | Queue | Villager (Male) |
| 2:29 | Queue | Villager (Male) |
| 2:42 | Build | House |
| 3:06 | Queue | Villager (Male) |
| 3:45 | Queue | Villager (Male) |
| 4:02 | Queue | Villager (Male) |
| 4:02 | Queue | Villager (Male) |
| 4:43 | Build | Lumber Camp |
| 4:59 | Queue | Villager (Male) |
| 5:13 | Queue | Villager (Male) |
| 5:40 | Queue | Villager (Male) |
| 5:40 | Queue | Villager (Male) |
| 6:54 | Queue | Villager (Male) |
| 6:55 | Queue | Villager (Male) |
| 6:55 | Queue | Villager (Male) |
| 6:55 | Queue | Villager (Male) |
| 6:55 | Queue | Villager (Male) |
| 7:36 | Queue | Villager (Male) |
| 7:46 | Queue | Villager (Male) |
| 7:53 | Queue | Villager (Male) |
| 8:13 | Build | Mill |
| 9:02 | Build | Barracks |
| 9:31 | Build | House |
| 9:32 | Build | House |
| 9:36 | Build | House |
| 9:37 | Build | House |
| 9:45 | Queue | Villager (Male) |
| 9:50 | Queue | Villager (Male) |
| 10:09 | Build | Barracks |
| 10:24 | Research | Feudal Age |
| 10:48 | Build | Barracks |
| 11:00 | Queue | Villager (Male) |
| 11:00 | Queue | Villager (Male) |
| 11:09 | Queue | Villager (Male) |
| 11:44 | Build | Barracks |
| 12:13 | Queue | Militia |
| 12:13 | Queue | Militia |
| 12:34 | Age | Feudal Age |
| 12:50 | Queue | Villager (Male) |
| 12:51 | Queue | Villager (Male) |
| 12:51 | Queue | Villager (Male) |
| 13:21 | Build | Watch Tower |
| 13:23 | Build | House |
| 13:26 | Build | House |
| 13:28 | Build | House |
| 13:36 | Queue | Villager (Male) |
| 13:36 | Queue | Villager (Male) |
| 13:36 | Queue | Villager (Male) |
| 13:50 | Build | Stone Wall |
| 13:59 | Build | House |
| 14:00 | Build | House |
| 14:27 | Build | Mining Camp |
| 14:41 | Build | Blacksmith |
| 15:37 | Research | Fletching |
| 15:49 | Queue | Villager (Male) |
| 15:49 | Queue | Villager (Male) |
| 15:59 | Queue | Villager (Male) |
| 15:59 | Queue | Villager (Male) |
| 16:00 | Queue | Villager (Male) |
| 16:32 | Queue | Villager (Male) |
| 16:32 | Queue | Villager (Male) |
| 16:36 | Build | Mining Camp |
| 16:48 | Queue | Villager (Male) |
| 16:48 | Queue | Villager (Male) |
| 16:50 | Build | Farm |
| 17:30 | Build | Watch Tower |
| 18:04 | Build | Watch Tower |
| 18:56 | Build | Lumber Camp |
| 19:09 | Queue | Villager (Male) |
| 19:31 | Build | Farm |
| 19:34 | Build | Farm |
| 20:13 | Build | Market |
| 20:32 | Build | Farm |
| 20:34 | Build | Farm |
| 20:55 | Build | Farm |
| 20:57 | Queue | Villager (Male) |
| 21:36 | Build | Farm |
| 21:37 | Build | Farm |
| 21:40 | Build | Farm |
| 22:18 | Build | Watch Tower |
| 22:38 | Build | Farm |
| 22:38 | Build | Farm |
| 22:38 | Build | Farm |
| 22:38 | Build | Farm |
| 22:39 | Build | Farm |
| 23:23 | Queue | Villager (Male) |
| 23:23 | Queue | Villager (Male) |
| 24:11 | Build | Farm |
| 24:12 | Build | Farm |
| 24:13 | Build | Farm |
| 24:16 | Build | Farm |
| 24:17 | Build | Farm |
| 25:15 | Research | Castle Age |
| 25:15 | Research | Castle Age |
| 25:29 | Build | Mining Camp |
| 25:34 | Research | Stone Mining |
| 26:02 | Build | House |
| 26:03 | Build | House |
| 27:19 | Queue | Spearman |
| 27:19 | Queue | Spearman |
| 27:19 | Queue | Spearman |
| 27:20 | Queue | Spearman |
| 27:20 | Queue | Spearman |
| 27:55 | Age | Castle Age |
| 28:15 | Build | Castle |
| 29:01 | Queue | Villager (Male) |
| 29:01 | Queue | Villager (Male) |
| 29:02 | Queue | Villager (Male) |
| 29:10 | Queue | Villager (Male) |
| 29:10 | Queue | Villager (Male) |
| 29:10 | Queue | Villager (Male) |
| 29:10 | Queue | Villager (Male) |
| 29:24 | Build | Town Center |
| 29:57 | Queue | Ghulam |
| 29:58 | Queue | Ghulam |
| 30:11 | Research | Double-Bit Axe |
| 30:13 | Build | Lumber Camp |
| 30:37 | Research | Squires |
| 30:52 | Research | Scale Mail Armor |
| 31:06 | Queue | Ghulam |
| 31:06 | Queue | Ghulam |
| 31:19 | Build | Farm |
| 31:21 | Build | Farm |
| 31:43 | Research | Town Watch |
| 31:48 | Research | Horse Collar |
| 31:58 | Build | Town Center |
| 32:03 | Build | Farm |
| 32:32 | Research | Bodkin Arrow |
| 32:50 | Build | Farm |
| 32:51 | Queue | Villager (Male) |
| 32:51 | Queue | Villager (Male) |
| 32:57 | Build | Farm |
| 32:57 | Build | Farm |
| 33:25 | Build | Farm |
| 33:26 | Queue | Villager (Male) |
| 33:26 | Queue | Villager (Male) |
Match timeline
| 6:35 | Combi | Papin · first_building Barracks |
| 9:02 | Bayaz · first_building Barracks |
| 9:29 | Combi | Papin · age_up feudal |
| 11:04 | Combi | Papin · wall_segment Palisade Wall x1 |
| 11:05 | Combi | Papin · wall_segment Palisade Wall x1 |
| 11:05 | Combi | Papin · wall_segment Palisade Wall x1 |
| 12:34 | Bayaz · age_up feudal |
| 12:35 | Combi | Papin · wall_segment Stone Wall x1 |
| 12:36 | Combi | Papin · wall_segment Stone Wall x1 |
| 12:36 | Combi | Papin · wall_segment Stone Wall x1 |
| 12:37 | Combi | Papin · wall_segment Stone Wall x1 |
| 12:38 | Combi | Papin · wall_segment Stone Wall x1 |
| 13:21 | Combi | Papin · wall_segment Palisade Wall x1 |
| 13:22 | Combi | Papin · wall_segment Palisade Wall x1 |
| 13:23 | Combi | Papin · wall_segment Palisade Wall x1 |
| 13:25 | Combi | Papin · wall_segment Palisade Wall x1 |
| 13:50 | Bayaz · wall_segment Stone Wall x7 |
| 21:24 | Combi | Papin · first_market_buy 100 food |
| 21:25 | Combi | Papin · first_market_sell 100 wood |
| 23:39 | Combi | Papin · first_building Stable |
| 24:42 | Combi | Papin · age_up castle |
| 24:47 | Combi | Papin · first_building Siege Workshop |
| 27:44 | Bayaz · first_market_sell 100 food |
| 27:45 | Bayaz · first_market_buy 100 stone |
| 27:55 | Bayaz · age_up castle |
| 28:15 | Bayaz · first_building Castle |
| 30:12 | Combi | Papin · first_building Monastery |
| 32:07 | Combi | Papin · wall_segment Stone Wall x1 |
| 32:45 | Combi | Papin · wall_segment Palisade Wall x1 |
| 38:02 | Combi | Papin · first_building Castle |
| 39:06 | Combi | Papin · first_building Archery Range |
| 42:02 | Combi | Papin · age_up imperial |
| 42:30 | Bayaz · first_building Monastery |
| 43:52 | Bayaz · age_up imperial |
| 43:55 | Bayaz · first_building Stable |
| 53:46 | Bayaz · resign |
[ AI ANALYSIS · 1 CREDIT ]
What really happened in this match?
Wolo.gg analyzes every decision: build order, eco, micro, common mistakes by bracket. Personalized analysis on WhatsApp or Discord in 30 seconds.
Civ guide
Magyars
Perfil
Jugador #3025288